 Dungeon Crawl Stone Soup version 0.31-a0-234-gad7ace16ef (webtiles) character file.

Game seed: 9037310662290197751

7870 qw the Skirmisher (level 11, -1/69 HPs)
             Began as a Gargoyle Hexslinger on July 9, 2023.
             Was an Elder of Okawaru.
             Slain by a boulder beetle (7 damage)
             ... on level 9 of the Dungeon.
             The game lasted 00:02:52 (8001 turns).

qw the Skirmisher (Gargoyle Hexslinger)             Turns: 8001, Time: 00:02:52

Health: -1/69      AC: 19    Str: 13    XL:     11   Next: 22%
Magic:  14/14      EV: 17    Int: 13    God:    Okawaru [****..]
Gold:   168        SH:  5    Dex: 16    Spells: 11/12 levels left

rFire   . . .        Y - +3 arbalest
rCold   . . .        (shield currently unavailable)
rNeg    + + .        f - +2 robe {rN+}
rPois   inf          (no helmet)
rElec   +            c - +2 cloak {Stlth+}
rCorr   .            (no gloves)
SInv    .            (no boots)
Will    .....        h - amulet of reflection
Stlth   ++++         g - +4 ring of protection
HPRegen 0.31/turn    (no ring)
MPRegen 0.14/turn

%: reflection
@: heroic, weakened
A: sickness immunity, AC +8, negative energy resistance 1, electricity
resistance, torment resistance 1, petrification resistance
a: Renounce Religion, Heroism, Finesse


You were on level 9 of the Dungeon.
You worshipped Okawaru.
Okawaru was greatly pleased with you.
You visited 2 branches of the dungeon, and saw 10 of its levels.

You collected 325 gold pieces.
You spent 157 gold pieces at shops.


Innate Abilities, Weirdness & Mutations

You are immune to sickness and miasma.
Your stone body is resilient. (AC +8)
You are immune to poison.
You resist negative energy. (rN+)
You are resistant to electric shocks. (rElec)
You are resistant to unholy torment.
You are immune to petrification.


   Skills:
 + Level 8.6(13.6) Fighting
 - Level 13.2(18.2) Ranged Weapons
 - Level 2.0(7.0) Armour
 - Level 4.7(9.7) Dodging
 - Level 1.0 Spellcasting
 - Level 2.6 Hexes
 + Level 5.2 Invocations


You had 11 spell levels left.
You knew the following spells:

 Your Spells              Type           Power      Damage    Failure   Level
a - Slow                  Hex            28%        N/A       10%         1

Your spell library contained the following spells:

 Spells                   Type           Power      Damage    Failure   Level
 Inner Flame              Hex/Fire       4%         N/A       43%         3
 Portal Projectile        Hex/Tloc       8%         N/A       43%         3
 Cause Fear               Hex            3%         N/A       67%         4

Inventory:

Hand Weapons
 Y - a +3 arbalest (weapon)
Armour
 c - a +2 cloak of stealth (worn)
 f - a +2 robe of positive energy (worn)
 j - a +0 helmet
Jewellery
 b - a ring of fire
 g - a +4 ring of protection (left hand)
 h - an amulet of reflection (around neck)
Wands
 k - a wand of digging (6)
Scrolls
 e - 2 scrolls of identify
 p - a scroll of enchant armour
Potions
 a - 5 potions of curing
 d - a potion of enlightenment
 i - a potion of brilliance {unknown}
 l - a potion of haste
 m - a potion of resistance
 n - a potion of mutation {unknown}
 o - a potion of might {unknown}

Dungeon Overview and Level Annotations

Branches:
Dungeon (9/15)             Temple (1/1) D:6
   Lair: D:8-11         Orc: D:9-12

Altars:
Ashenzari
Cheibriados
Dithmenos
Elyvilon
Fedhas
Gozag
Hepliaklqana
Kikubaaqudgha
Makhleb
Nemelex Xobeh
Okawaru
Qazlal
Ru
Sif Muna
Trog
Uskayaw
Vehumet
Wu Jian
Xom
Yredelemnul
Zin
The Shining One

Shops:
D:2 [   D:6 [   D:7 =

Annotations:
D:7 2 transporters


Message History

The centaur warrior kicks you but does no damage.
The orc wizard closely misses you. The orc warrior barely misses you.
The boulder beetle leaps!
You shoot a bolt. The bolt hits the boulder beetle!
The boulder beetle is almost dead.
The centaur warrior hits you! You block the centaur warrior's attack.
The boulder beetle bites you!
The orc warrior hits you but does no damage.
The orc wizard barely misses you.
You shoot a bolt. The bolt hits the boulder beetle!!
You kill the boulder beetle!
Okawaru is honoured by your kill.
The centaur warrior barely misses you. x2
The centaur warrior completely misses you.
The centaur warrior kicks you. The orc wizard misses you.
You block the orc warrior's attack.
Your base Ranged Weapons skill increases to level 13!
You shoot a bolt. The bolt hits the centaur warrior!!
The centaur warrior is almost dead.
The centaur warrior hits you! You block the centaur warrior's attack.
You block the yak's attack. The orc wizard completely misses you.
The orc warrior completely misses you.
You shoot a bolt. The bolt hits the centaur warrior!!
You kill the centaur warrior!
Okawaru is honoured by your kill.
You can now speed up your combat.
The yak closely misses you.
The orc warrior hits you but does no damage.
You shoot a bolt.
The bolt hits the boulder beetle but does no damage.
The yak misses you.
The orc warrior hits you but does no damage.
The gnoll bouda gazes fiercely through you!
You feel your attacks grow feeble. The gnoll bouda misses you.
You shoot a bolt.
The bolt hits the boulder beetle but does no damage.
You block the yak's attack.
The gnoll bouda hits you with a +0 whip.
The boulder beetle bites you!
You die...

#.......<.##### #......
..(##.#####...## #.##.#.
...##.#.#.'.%..# #.##.#.
......##..####'####
#.##.#.
..#####.).#.......# ..
#.##.##
..######'##.}...}.# ...0
#.##.##
....#888.##....}o.##....[
#.##.#.
..#.')...8#...}YBg'.....}
#.#..#.
#####888.##..}..@o##....g
#...##. # ####+##.}...}.#
..c #>####. # #.......# o
#.# #. ## ####+#### #.#
#. .#### #.# ## ....###
#.####. ......#
#####....#. ....#.# ##
#........#. #.....# ..#
#..........


You could see a boulder beetle, a yak, an orc warrior, a gnoll bouda and an orc
wizard.

Vanquished Creatures
  A centaur warrior (D:9)
  A boulder beetle (D:9)
  2 two-headed ogres
  A manticore (D:9)
  A hornet (D:9)
  A wyvern (D:7)
  6 yaks (D:7)
  An acid dragon (D:9)
  2 water moccasins
  Duvessa (D:7)
  2 sky beasts (D:6)
  4 black bears
  4 ice beasts
  2 ogres
  A centaur (D:6)
  4 bullfrogs
  2 gnoll sergeants
  3 kobold brigands
  4 scorpions
  8 wights
  Dowan (D:7)
  7 killer bees (D:8)
  A howler monkey (D:9)
  A hound (D:6)
  2 orc priests
  A gnoll bouda (D:5)
  A jelly (D:6)
  3 sleepcaps
  Jessica (D:2)
  Terence (D:2)
  3 iguanas
  2 orc wizards
  Natasha (D:2)
  8 adders
  9 gnolls
  3 white imps
  An ufetubus (D:6)
  3 worms
  3 dart slugs
  21 orcs
  11 endoplasms
  5 giant cockroaches
  7 goblins
  12 hobgoblins
  2 jackals (D:2)
  17 kobolds
  5 quokkas
  9 ball pythons
  5 bats
  A frilled lizard (D:1)
  2 rats (D:2)
200 creatures vanquished.

Notes
Turn   | Place    | Note
-------+----------+-------------------------------------------
     0 | D:1      | qw the Gargoyle Hexslinger began the quest for the Orb.
     0 | D:1      | Reached XP level 1. HP: 12/12 MP: 2/2
     0 | D:1      | 0 ||| qw: Version: 0.3-a-51-g015441d
     0 | D:1      | 0 ||| qw: Game counter: 4068
     0 | D:1      | 0 ||| qw: Melee chars always use a shield: true
     0 | D:1      | 0 ||| qw: God list: Okawaru
     0 | D:1      | 0 ||| qw: Allow faded altars: false
     0 | D:1      | 0 ||| qw: Do Orc after clearing Dungeon:15 true
     0 | D:1      | 0 ||| qw: Do second Lair branch before Depths: true
     0 | D:1      | 0 ||| qw: Lair rune preference: random
     0 | D:1      | 0 ||| qw: Goals: Normal
     0 | D:1      | 0 ||| PLANNING D:1-11
    62 | D:1      | Found a faded altar of an unknown god.
    71 | D:1      | 71 ||| Stepping ~*~*~tactically~*~*~ (water).
    73 | D:1      | 73 ||| Stepping ~*~*~tactically~*~*~ (water).
    75 | D:1      | 75 ||| Stepping ~*~*~tactically~*~*~ (water).
   114 | D:1      | 114 ||| SWAPPING to +0 arbalest.
   115 | D:1      | 115 ||| DROPPING +1 sling.
   164 | D:1      | Reached XP level 2. HP: 16/16 MP: 3/3
   234 | D:1      | Reached skill level 3 in Ranged Weapons
   423 | D:1      | Reached XP level 3. HP: 21/21 MP: 4/4
   721 | D:1      | 721 ||| UPGRADING to +0 leather armour.
   731 | D:1      | 731 ||| DROPPING +0 robe.
   732 | D:1      | 732 ||| READING scroll labelled YZEFEM DIHIRO.
   733 | D:1      | 733 ||| READING 2 scrolls labelled XACUONTAOM.
   734 | D:1      | 734 ||| READING scroll of enchant weapon.
   734 | D:1      | 734 ||| ENCHANTING +1 arbalest.
   735 | D:1      | 735 ||| READING scroll labelled KISIAM BUUDDO.
   736 | D:1      | 736 ||| DROPPING scroll of poison.
   751 | D:2      | 751 ||| READING scroll of enchant weapon.
   751 | D:2      | 751 ||| ENCHANTING +2 arbalest.
   941 | D:2      | Noticed Jessica
   944 | D:2      | Killed Jessica
   945 | D:2      | Reached skill level 4 in Ranged Weapons
   945 | D:2      | Reached XP level 4. HP: 26/26 MP: 5/5
  1232 | D:2      | Found Voas Dau's Antique Armour Shop.
  1238 | D:2      | 1238 ||| SHOPLISTING pair of runed gloves (180 gold, have
                  | 17).
  1238 | D:2      | 1238 ||| SHOPLISTING ring mail (96 gold, have 17).
  1238 | D:2      | 1238 ||| SHOPLISTING runed cloak (180 gold, have 17).
  1347 | D:2      | Identified the +8 mace of Ruwibb {freeze, Dex+3 Stlth+}
  1422 | D:2      | Noticed Terence
  1427 | D:2      | Killed Terence
  1428 | D:2      | Reached XP level 5. HP: 24/30 MP: 6/6
  1547 | D:2      | Noticed Natasha
  1548 | D:2      | Killed Natasha
  1549 | D:2      | Reached skill level 5 in Ranged Weapons
  1603 | D:2      | 1603 ||| UPGRADING to +0 ring mail.
  1613 | D:2      | 1613 ||| DROPPING +0 leather armour.
  1614 | D:2      | 1614 ||| READING scroll labelled GENKUSTR AKIE.
  1644 | D:3      | 1644 ||| STAIRDANCE
  1767 | D:3      | Reached skill level 1 in Armour
  1849 | D:3      | 1849 ||| Stepping ~*~*~tactically~*~*~ (outnumbered).
  1859 | D:3      | Reached skill level 3 in Fighting
  2001 | D:3      | Reached XP level 6. HP: 37/37 MP: 7/7
  2110 | D:3      | Noticed an ice beast
  2115 | D:3      | Killed an ice beast
  2484 | D:3      | Reached skill level 6 in Ranged Weapons
  2630 | D:3      | 2630 ||| DROPPING +6 ring of intelligence.
  2631 | D:3      | 2631 ||| READING scroll labelled VYNA YHEMAC.
  2671 | D:4      | Reached XP level 7. HP: 43/43 MP: 8/8
  3267 | D:4      | 3267 ||| UPGRADING to amulet of reflection.
  3272 | D:4      | 3272 ||| DRINKING 2 smoky orange potions.
  3273 | D:4      | 3273 ||| DRINKING 2 bubbling grey potions.
  3274 | D:4      | 3274 ||| DRINKING 2 pink potions.
  3275 | D:4      | 3275 ||| DROPPING potion of attraction.
  3355 | D:5      | Entered Level 5 of the Dungeon
  3384 | D:5      | 3384 ||| FLEEEEING.
  3385 | D:5      | 3385 ||| FLEEEEING.
  3386 | D:5      | 3386 ||| FLEEEEING.
  3387 | D:5      | 3387 ||| FLEEEEING.
  3388 | D:5      | 3388 ||| FLEEEEING.
  3480 | D:5      | Reached skill level 7 in Ranged Weapons
  3713 | D:5      | Reached skill level 8 in Ranged Weapons
  3713 | D:5      | Reached XP level 8. HP: 47/48 MP: 9/9
  4125 | D:5      | 4125 ||| DROPPING amulet of the acrobat.
  4126 | D:5      | 4126 ||| UPGRADING to +4 ring of protection.
  4300 | D:6      | Reached skill level 9 in Ranged Weapons
  4309 | D:6      | Found a staircase to the Ecumenical Temple.
  4310 | D:6      | 4310 ||| PLANNING TEMPLE
  4310 | D:6      | 4310 ||| FLEEEEING.
  4318 | D:6      | 4318 ||| FLEEEEING.
  4319 | D:6      | 4319 ||| FLEEEEING.
  4320 | D:6      | 4320 ||| FLEEEEING.
  4321 | D:6      | 4321 ||| FLEEEEING.
  4324 | D:6      | 4324 ||| STAIRDANCE
  4326 | D:5      | 4326 ||| READING scroll labelled DONYUN EPANIOMP.
  4330 | D:6      | 4330 ||| FLEEEEING.
  4331 | D:6      | 4331 ||| STAIRDANCE
  4335 | D:6      | 4335 ||| STAIRDANCE
  4367 | Temple   | Entered the Ecumenical Temple
  4381 | Temple   | 4381 ||| PLANNING OKAWARU WORSHIP
  4458 | Temple   | Became a worshipper of Warmaster Okawaru
  4459 | Temple   | 4459 ||| PLANNING D:1-11
  4502 | D:6      | Found a broken altar of Ashenzari.
  4509 | D:6      | Found a blossoming altar of Fedhas.
  4517 | D:6      | Found a snail-covered altar of Cheibriados.
  4520 | D:6      | Found a bloodstained altar of Trog.
  4520 | D:6      | Found a radiant altar of Vehumet.
  4527 | D:6      | Found an opulent altar of Gozag.
  4551 | D:6      | You fall into a shaft and drop 3 floors!
  4697 | D:8      | Reached skill level 6 in Fighting
  4717 | D:8      | Reached XP level 9. HP: 41/55 MP: 10/10
  4890 | D:7      | Noticed Dowan
  4893 | D:7      | Noticed Duvessa
  4898 | D:7      | Reached * piety under Okawaru
  4899 | D:7      | 4899 ||| INVOKING Heroism.
  4905 | D:7      | Killed Dowan
  4906 | D:7      | HP: 13/55 [Duvessa/+0 short sword (3)]
  4907 | D:7      | 4907 ||| DRINKING potion of heal wounds.
  4908 | D:7      | 4908 ||| INVOKING Heroism.
  4913 | D:7      | Killed Duvessa
  4914 | D:7      | Reached skill level 10 in Ranged Weapons
  5027 | D:7      | Found a transporter.
  5027 | D:7      | Found Loxkoe's Jewellery Emporium.
  5133 | D:7      | Reached skill level 1 in Invocations
  5219 | D:7      | 5219 ||| UPGRADING to +2 robe of positive energy.
  5229 | D:7      | 5229 ||| DROPPING +0 ring mail.
  5230 | D:7      | 5230 ||| UPGRADING to +0 cloak.
  5235 | D:7      | 5235 ||| READING scroll labelled ZASUT PE YBOYPN.
  5236 | D:7      | 5236 ||| READING 2 scrolls labelled UWKINGIUKH.
  5237 | D:7      | 5237 ||| READING 2 scrolls of identify.
  5237 | D:7      | 5237 ||| IDENTIFYING cyan potion
  5238 | D:7      | 5238 ||| DROPPING potion of berserk rage.
  5239 | D:7      | 5239 ||| DROPPING scroll of noise.
  5451 | D:6      | Reached skill level 3 in Dodging
  5535 | D:6      | 5535 ||| INVOKING Heroism.
  5537 | D:6      | Reached skill level 3 in Invocations
  5730 | D:6      | Found Xearuu's Antique Armour Shop.
  5738 | D:6      | 5738 ||| BUYING glowing cloak (157 gold).
  5738 | D:6      | Bought a glowing cloak for 157 gold pieces
  5738 | D:6      | 5738 ||| SHOPLISTING glowing helmet (157 gold, have 104).
  5738 | D:6      | 5738 ||| SHOPLISTING pair of embroidered boots (157 gold,
                  | have 104).
  5738 | D:6      | 5738 ||| SHOPLISTING shimmering ring mail (189 gold, have
                  | 104).
  5954 | D:6      | 5954 ||| UPGRADING to +2 cloak of stealth.
  5964 | D:6      | 5964 ||| DROPPING +0 cloak.
  5972 | D:6      | 5972 ||| READING scroll labelled VERETAU MEZEY.
  5973 | D:6      | 5973 ||| DRINKING 2 blue potions.
  5974 | D:6      | 5974 ||| DRINKING 2 murky emerald potions.
  6005 | D:7      | Noticed a two-headed ogre
  6006 | D:7      | 6006 ||| INVOKING Heroism.
  6022 | D:7      | Killed a two-headed ogre
  6022 | D:7      | Reached ** piety under Okawaru
  6023 | D:7      | Reached XP level 10. HP: 46/63 MP: 10/13
  6032 | D:7      | 6032 ||| INVOKING Heroism.
  6057 | D:7      | 6057 ||| STAIRDANCE
  6201 | D:7      | Found a hide-covered altar of Uskayaw.
  6209 | D:7      | Reached skill level 11 in Ranged Weapons
  6250 | D:7      | Found a transporter.
  6422 | D:7      | 6422 ||| INVOKING Heroism.
  6732 | D:7      | 6732 ||| READING scroll labelled JOMMUNKI KARCHA.
  7060 | D:8      | Reached skill level 12 in Ranged Weapons
  7243 | D:8      | 7243 ||| READING scroll labelled MISKUC PAOHIOB HOPN.
  7344 | D:8      | 7344 ||| READING 2 scrolls of identify.
  7344 | D:8      | 7344 ||| IDENTIFYING lumpy grey potion
  7382 | D:9      | Found a hazy altar of Hepliaklqana.
  7586 | D:9      | Noticed a two-headed ogre
  7587 | D:9      | 7587 ||| INVOKING Heroism.
  7590 | D:9      | Killed a two-headed ogre
  7590 | D:9      | Reached *** piety under Okawaru
  7606 | D:9      | Identified the +8 sling "Ismaulyq" {freeze, Fragile rPois
                  | rC+ Stlth+}
  7822 | D:9      | Noticed a manticore
  7823 | D:9      | 7823 ||| INVOKING Heroism.
  7835 | D:9      | Killed a manticore
  7836 | D:9      | Reached XP level 11. HP: 29/68 MP: 12/14
  7981 | D:9      | Noticed a boulder beetle
  7981 | D:9      | Noticed a centaur warrior
  7982 | D:9      | 7982 ||| Stepping ~*~*~tactically~*~*~ (outnumbered).
  7983 | D:9      | 7983 ||| INVOKING Heroism.
  7984 | D:9      | Noticed a boulder beetle
  7997 | D:9      | Killed a boulder beetle
  7998 | D:9      | Reached skill level 13 in Ranged Weapons
  7998 | D:9      | HP: 9/68 [centaur warrior (10)]
  7999 | D:9      | Killed a centaur warrior
  7999 | D:9      | Reached **** piety under Okawaru
  8001 | D:9      | Slain by a boulder beetle

Levels and vault maps discovered:
D:1:      lemuel_arrival_muddy, layout_loops_cross,
          chequers_ecumenical_altar_island
D:2:      layout_loops_corners, serial_shops, shop, serial_glass,
          glass_columns_b, glass_columns_b, glass_columns_a, kennysheep_donut,
          uniq_natasha, uniq_jessica, uniq_terence
D:3:      layout_loops_ring, chequers_serial_rivers_micro_b,
          kennysheep_cross_bottleneck
D:4:      nicolae_cairo_tiling_large_dashed, layout_gridville
D:5:      layout_basic
D:6:      layout_loops_cross, mainiacjoe_overflow_six_doors_small,
          nicolae_overflow_hallway_of_the_gods, minmay_temple_entry_butterflies,
          serial_shops, shop, dk_vineyard_1, minmay_liquid_box,
          chequers_serial_rivers_small_a, nicolae_elevator_lobby_plus
D:7:      layout_loops_cross, mainiacjoe_overflow_catwalk, serial_shops,
          nicolae_shop_drivethru, uniq_duvessa
D:8:      layout_loops_ring
D:9:      minmay_chambers_of_sevens, layout_basic, nzn_hepliaklqana_mist_gate,
          erik_orc_1, nicolae_the_louvre
Temple:   nicolae_temple_great_sept

Skill      XL: |  1  2  3  4  5  6  7  8  9 10 11 |
---------------+----------------------------------+-----
Ranged Weapons | 3 4 5 6 8 9 10 12 13 | 13.2
Fighting       | 2 3 4 6 7 8 |  8.6
Armour         | 1 2 |  2.0
Dodging        | 2 3 4 |  4.7
Invocations    | 5 |  5.2
Spellcasting   | |  1.0
Hexes          | |  2.6

Action                     |  1- 3 |  4- 6 |  7- 9 | 10-12 || total
---------------------------+-------+-------+-------+-------++-------
   Fire: Sling             |     7 |       |       |       ||     7
         Arbalest          |    58 |   121 |   254 |   154 ||   587
 Invoke: Heroism           |       |       |     4 |     5 ||     9
    Use: Scroll            |     5 |     2 |     5 |     3 ||    15
         Potion            |       |       |     6 |       ||     6
 Armour: Robe              |    10 |       |    13 |    60 ||    83
         Leather armour    |     5 |       |       |       ||     5
         Ring mail         |       |    54 |    92 |       ||   146
  Dodge: Dodged            |     8 |    67 |   116 |    91 ||   282
  Block: Other             |       |       |    60 |    33 ||    93

Table legend:
 A = Non-vault XP
 B = Vault XP
 C = Vault XP percentage of total XP
 D = Non-vault monster count
 E = Vault monster count
 F = Vault count percentage of total count
                 A         B        C        D         E       F
            +---------+---------+-------+---------+---------+-------
      Total |    8314 |    2930 |  26.1 |     188 |      12 |   6.0
            +---------+---------+-------+---------+---------+-------
        D:1 |      40 |       0 |   0.0 |      22 |       0 |   0.0
        D:2 |      64 |     108 |  62.8 |      23 |       3 |  11.5
        D:3 |     290 |       0 |   0.0 |      35 |       0 |   0.0
        D:4 |     233 |       0 |   0.0 |      17 |       0 |   0.0
        D:5 |     929 |       0 |   0.0 |      23 |       0 |   0.0
        D:6 |     871 |       0 |   0.0 |      12 |       0 |   0.0
        D:7 |    3245 |     214 |   6.2 |      33 |       2 |   5.7
        D:8 |    1222 |       0 |   0.0 |      15 |       0 |   0.0
        D:9 |    1420 |    2608 |  64.7 |       8 |       7 |  46.7
            +---------+---------+-------+---------+---------+-------
